 Dungeon Crawl Stone Soup version 0.26-a0-639-g72c4674329 (webtiles) character file.

Game seed: 164303097113337395

28 xcvb the Slasher (level 3, 0/27 HPs)
             Began as a Human Gladiator on Sept 26, 2020.
             Slain by a worm (10 damage)
             ... on level 2 of the Dungeon.
             The game lasted 00:01:51 (1256 turns).

xcvb the Slasher (Human Gladiator)                  Turns: 1256, Time: 00:01:52

Health: 0/27       AC:  4    Str: 15    XL:     3   Next: 30%
Magic:  3/3        EV: 13    Int:  8    God:
Gold:   97         SH:  0    Dex: 14    Spells: 2/2 levels left

rFire    . . .     SeeInvis .   a - +0 long sword
rCold    . . .     Faith    .   (no shield)
rNeg     . . .     Spirit   .   b - +0 leather armour
rPois    .         Reflect  .   c - +0 helmet
rElec    .         Harm     .   (no cloak)
rCorr    .         Rampage  .   (no gloves)
MR       .....                  (no boots)
Stlth    +.........             (no amulet)
HPRegen  0.09/turn              (no ring)
MPRegen  0.08/turn              (no ring)

@: no status effects
A: no striking features
a: no special abilities


You were on level 2 of the Dungeon.
You visited 1 branch of the dungeon, and saw 2 of its levels.

You collected 97 gold pieces.

Inventory:

Hand Weapons
 a - a +0 long sword (weapon)
Missiles
 d - 3 throwing nets (quivered)
Armour
 b - a +0 leather armour (worn)
 c - a +0 helmet (worn)
Scrolls
 e - 3 scrolls of remove curse {unknown}
 f - 2 scrolls of enchant weapon {unknown}
 g - 2 scrolls of amnesia {unknown}
 h - a scroll of teleportation {unknown}
 i - a scroll of fear {unknown}
 k - a scroll of identify {unknown}
Potions
 j - a potion of cancellation {unknown}
 l - a potion of brilliance {unknown}
 m - a potion of mutation {unknown}
 n - a potion of degeneration {unknown}


   Skills:
 + Level 2.0 Fighting
 * Level 4.0 Long Blades
 - Level 2.0 Throwing
 + Level 3.2 Dodging


You had 2 spell levels left.
You didn't know any spells.
Your spell library was empty.

Dungeon Overview and Level Annotations

Branches:
Dungeon (2/15)

Altars:
Gozag


Message History

You are too injured to fight recklessly!
You are too injured to fight recklessly!
You are too injured to fight recklessly!
You are too injured to fight recklessly!
You are too injured to fight recklessly!
You are too injured to fight recklessly!
You are too injured to fight recklessly!
You are too injured to fight recklessly!
You hit the worm.
The worm is heavily wounded.
The worm misses you.
You barely miss the worm.
The worm is heavily wounded.
You slash the worm!
The worm is severely wounded.
The worm bites you.
You hit the worm.
The worm is almost dead.
The worm bites you!
You die...

#.....# ###.####### #
##........##.#
##............#
#.......##.#..#
#............<# #
#.......#......
##.##.###.........#.#
......w@..........#.#
#
!...#.#####.##......#
.. . >.
#.....##.#.#.## ...
#...#.......... ...
#...###.†...... ..
#........###.## .
#...####.# # #...#
#.# #####.<.####.###


You could see a worm.

Vanquished Creatures
  A leopard gecko (D:2)
  2 giant cockroaches (D:2)
  3 hobgoblins (D:1)
  5 jackals
  2 kobolds (D:2)
  4 bats
  4 frilled lizards (D:2)
  4 rats (D:1)
25 creatures vanquished.

Notes
Turn   | Place    | Note
-------+----------+-------------------------------------------
     0 | D:1      | xcvb the Human Gladiator began the quest for the Orb.
     0 | D:1      | Reached XP level 1. HP: 16/16 MP: 1/1
     2 | D:1      | Noticed a centaur
     4 | D:1      | Noticed an octopode
     4 | D:1      | Noticed an elf
     6 | D:1      | Noticed a draconian
     8 | D:1      | Noticed a minotaur
     8 | D:1      | Noticed a formicid
    10 | D:1      | Noticed a vampire
    10 | D:1      | Noticed a demonspawn
    12 | D:1      | Noticed a gargoyle
    14 | D:1      | Noticed a halfling
    16 | D:1      | Noticed a naga
    16 | D:1      | Noticed a ghoul
    18 | D:1      | Noticed a spriggan
    18 | D:1      | Noticed a tengu
    20 | D:1      | Noticed a dwarf
    20 | D:1      | Noticed a demigod
    23 | D:1      | Noticed a troll
    23 | D:1      | Noticed a vine stalker
    25 | D:1      | Noticed a felid
    25 | D:1      | Noticed an ogre
    27 | D:1      | Noticed a human
    27 | D:1      | Noticed a merfolk
   188 | D:1      | Reached XP level 2. HP: 17/22 MP: 2/2
  1047 | D:2      | Reached XP level 3. HP: 25/27 MP: 3/3
  1123 | D:2      | Reached skill level 4 in Long Blades
  1134 | D:2      | Found an opulent altar of Gozag.
  1256 | D:2      | Slain by a worm

Illustrated notes

Levels and vault maps discovered:
D:1:      kb_arrival_jail, layout_loops_ring
D:2:      layout_loops_cross, nicolae_gozag_cash_rules_everything_around_me

Skill      XL: |  1  2  3 |
---------------+----------+-----
Long Blades    | 4 |  4.0
Fighting       | |  2.0
Throwing       | |  2.0
Dodging        | |  3.2

Action                   || total
-------------------------++-------
Melee: Long sword        ||    66
Armor: Leather armour    ||    23
Dodge: Dodged            ||    55
       Rpst.: Long sword ||    19

Table legend: (Time is in decaauts)
 A = Elapsed time spent in this place.
 B = Non-inter-level travel time spent in this place.
 C = Inter-level travel time spent in this place.
 D = Time resting spent in this place.
 E = Time spent auto-exploring this place.
 F = Levels seen in this place.
 G = Mean time per level.
                   A        B        C        D        E       F      G
               +--------+--------+--------+--------+--------+-----+--------+
         Total |   1270 |   1226 |     44 |      0 |   1055 |   2 |  635.0 |
       Dungeon |   1270 |   1226 |     44 |      0 |   1055 |   2 |  635.0 |
               +--------+--------+--------+--------+--------+-----+--------+

Top non-repeatable levels by time:
     D:1: 974 daAuts
     D:2: 296 daAuts
